 Dungeon Crawl Stone Soup version 0.29-a0-297-g7659ce593d (webtiles) character file.

Game seed: 15794073999992982539

2534 hatiphnatus the Cudgeller (level 9, 0/67 HPs)
             Began as a Demonspawn Gladiator on Mar 22, 2022.
             Was a Follower of Qazlal.
             Slain by a gnoll sergeant
             ... wielding a +1 vampiric spear
              (10 damage)
             ... on level 6 of the Dungeon.
             The game lasted 00:11:17 (8286 turns).

hatiphnatus the Cudgeller (Demonspawn Gladiator)    Turns: 8286, Time: 00:11:17

Health: 0/67       AC: 17    Str: 18    XL:     9   Next: 30%
Magic:  11/11      EV:  7    Int: 10    God:    Qazlal [*.....]
Gold:   256        SH:  2    Dex: 15    Spells: 8/8 levels left

rFire   . . .      SeeInvis .   b - +2 whip (venom)
rCold   + . .      Faith    .   (no shield)
rNeg    . . .      Spirit   .   i - +0 plate armour
rPois   .          Reflect  .   (helmet restricted)
rElec   .          Harm     .   (no cloak)
rCorr   .          Rampage  .   M - +0 pair of gloves
Will    .....                   A - +0 pair of boots
Stlth   ..........              (no amulet)
HPRegen 0.21/turn               c - ring of protection from cold
MPRegen 0.12/turn               (no ring)

@: no status effects
A: antennae 1, molten scales 1, foul stench 1, powered by death 1
a: Renounce Religion


You were on level 6 of the Dungeon.
You worshipped Qazlal.
Qazlal was aware of your devotion.
You visited 2 branches of the dungeon, and saw 7 of its levels.

You collected 256 gold pieces.

Inventory:

Hand Weapons
 a - a +0 flail of pain
 b - a +2 whip of venom (weapon)
Missiles
 d - 3 throwing nets (quivered)
 e - a javelin
Armour
 i - a +0 plate armour (worn)
 m - +0 gold dragon scales
 A - a +0 pair of boots (worn)
 I - a +0 kite shield
 M - a +0 pair of gloves (worn)
Jewellery
 c - a ring of protection from cold (left hand)
 g - an amulet of magic regeneration
 G - an amulet of guardian spirit
Wands
 D - a wand of flame (11)
 E - a wand of acid (5)
 F - a wand of digging (7)
 H - a wand of paralysis (9)
Scrolls
 k - 2 scrolls of enchant weapon {unknown}
 n - 2 scrolls of teleportation {unknown}
 o - 5 scrolls of blinking {unknown}
 p - 3 scrolls of amnesia {unknown}
 q - a scroll of enchant armour {unknown}
 w - 6 scrolls of identify {unknown}
 x - a scroll of brand weapon {unknown}
 y - a scroll of magic mapping {unknown}
 z - a scroll of immolation {unknown}
 B - a scroll of noise {unknown}
 C - a scroll of vulnerability {unknown}
Potions
 f - 2 potions of haste {unknown}
 h - a potion of ambrosia {unknown}
 j - a potion of mutation {unknown}
 l - 2 potions of degeneration {unknown}
 r - 3 potions of might {unknown}
 s - a potion of attraction {unknown}
 t - 3 potions of curing {unknown}
 u - a potion of heal wounds {unknown}
 v - a potion of lignification {unknown}
 J - a potion of invisibility {unknown}
 K - a potion of brilliance {unknown}
 L - a potion of flight {unknown}


   Skills:
 + Level 4.9 Fighting
 * Level 6.6 Maces & Flails
 + Level 4.4 Throwing
 * Level 5.8 Armour
 + Level 5.0 Dodging
 + Level 3.6 Invocations


You had 8 spell levels left.
You didn't know any spells.
Your spell library contained the following spells:

 Spells                   Type           Power      Damage    Failure   Level
 Magic Dart               Conj           0%         1d3       100%        1
 Summon Small Mammal      Summ           0%         N/A       100%        1
 Call Imp                 Summ           0%         N/A       100%        2
 Ensorcelled Hibernation  Hex/Ice        0%         N/A       100%        2
 Passwall                 Tmut/Erth      0%         N/A       100%        2
 Call Canine Familiar     Summ           0%         N/A       100%        3
 Mephitic Cloud           Conj/Pois/Air  0%         N/A       100%        3
 Portal Projectile        Hex/Tloc       0%         N/A       100%        3
 Summon Guardian Golem    Hex/Summ       0%         N/A       100%        3
 Swiftness                Air            0%         N/A       100%        3
 Tukima's Dance           Hex            0%         N/A       100%        3
 Passage of Golubria      Tloc           0%         N/A       100%        4
 Blade Hands              Tmut           0%         N/A       100%        5
 Excruciating Wounds      Necr           0%         N/A       100%        5
 Yara's Violent Unravell  Hex/Tmut       0%         3d3       100%        5


Dungeon Overview and Level Annotations

Branches:
Dungeon (6/15)             Temple (1/1) D:4

Altars:
Cheibriados
Dithmenos
Fedhas
Gozag
Nemelex Xobeh
Qazlal
Ru
Sif Muna
Trog
Xom


Innate Abilities, Weirdness & Mutations

You have a pair of small antennae on your head.
You are partially covered in molten scales. (AC +2)
You may rarely emit foul miasma when damaged in melee.
You regenerate a little health from kills.


Message History

The gnoll hits you with a +1 halberd of flaming!
The gnoll burns you. The gnoll barely misses you.
The gnoll sergeant hits you but does no damage.
You are too injured to fight recklessly!
You are too injured to fight recklessly!
You are too injured to fight recklessly!
You are too injured to fight recklessly!
You are too injured to fight recklessly!
You are too injured to fight recklessly!
You are too injured to fight recklessly!
You are too injured to fight recklessly!
You are too injured to fight recklessly!
You are too injured to fight recklessly!
You are too injured to fight recklessly!
You are too injured to fight recklessly!
You are too injured to fight recklessly!
You are too injured to fight recklessly!
You are too injured to fight recklessly!
You are too injured to fight recklessly!
You hit the gnoll sergeant.
The gnoll sergeant looks as sick as possible!
The gnoll sergeant is heavily wounded.
The gnoll hits you with a +1 halberd of flaming!
* * * LOW HITPOINT WARNING * * *
The gnoll burns you.
* * * LOW HITPOINT WARNING * * *
The gnoll hits you but does no damage. The gnoll sergeant barely misses you.
You hit the gnoll sergeant but do no damage.
The gnoll sergeant looks as sick as possible!
The gnoll sergeant is heavily wounded.
You hit the gnoll sergeant.
The gnoll sergeant looks as sick as possible!
The gnoll sergeant is severely wounded.
The gnoll hits you with a +1 halberd of flaming.
* * * LOW HITPOINT WARNING * * *
The gnoll burns you.
* * * LOW HITPOINT WARNING * * *
You emit a cloud of foul miasma!
The gnoll hits you but does no damage.
The gnoll sergeant hits you with a +1 vampiric spear!
You die...

#.# #...# #.# ##.[#
#############.####..#####
#...........#............
#.#########.#######>#####
#.# #.# #.# #.# #.# #.#
#.#########.#######.#
#.##...)@g#.........#
#.##.####g###########
#.##.# g# #.##.# .#
#.##.# .# #.##.# .#
#.##.# .# #.##.# .#
#.##.####


You could see a gnoll sergeant (extremely poisoned) and 2 gnolls.

Vanquished Creatures
  Pikel (D:6)
  A troll (D:5)
  Duvessa (D:5)
  A sky beast (D:4)
  An orc warrior (D:6)
  A black bear (D:5)
  An ice beast (D:6)
  A centaur (D:6)
  A phantom (D:5)
  A bullfrog (D:6)
  A gnoll sergeant (D:4)
  A necrophage (D:5)
  2 scorpions (D:6)
  Dowan (D:5)
  A howler monkey (D:6)
  5 orc priests
  6 hounds
  2 jellies
  An iguana (D:5)
  Terence (D:3)
  Natasha (thrice) (D:2)
  3 orc wizards
  11 adders
  8 gnolls
  3 worms
  3 dart slugs (D:5)
  18 orcs
  7 ball pythons
  8 endoplasms
  A giant cockroach (D:1)
  3 goblins
  5 hobgoblins
  2 jackals (D:1)
  4 kobolds
  4 quokkas
  8 bats
  A frilled lizard (D:3)
  4 rats
127 creatures vanquished.

Notes
Turn   | Place    | Note
-------+----------+-------------------------------------------
     0 | D:1      | hatiphnatus the Demonspawn Gladiator began the quest for
                  | the Orb.
     0 | D:1      | Reached XP level 1. HP: 16/16 MP: 1/1
   208 | D:1      | Gained mutation: You are partially covered in molten
                  | scales. (AC +2) [demonic ancestry]
   208 | D:1      | Reached XP level 2. HP: 22/22 MP: 2/2
   269 | D:1      | Found a faded altar of an unknown god.
   449 | D:1      | Reached skill level 3 in Maces & Flails
   766 | D:2      | Found a sacrificial altar of Ru.
   795 | D:2      | Reached XP level 3. HP: 20/28 MP: 3/3
   926 | D:2      | Noticed Natasha
   934 | D:2      | Killed Natasha
   935 | D:2      | Reached skill level 1 in Armour
  1366 | D:2      | Gained mutation: You regenerate a little health from kills.
                  | [demonic ancestry]
  1366 | D:2      | Reached XP level 4. HP: 25/34 MP: 4/4
  1671 | D:2      | Noticed Natasha
  1677 | D:2      | Killed Natasha
  2169 | D:2      | Noticed Natasha
  2179 | D:2      | Killed Natasha
  2411 | D:3      | Gained mutation: You may rarely emit foul miasma when
                  | damaged in melee. [demonic ancestry]
  2411 | D:3      | Reached XP level 5. HP: 38/39 MP: 5/5
  2823 | D:3      | Noticed Terence
  2839 | D:3      | Found a shimmering altar of Xom.
  3318 | D:3      | Found a stormy altar of Qazlal.
  3328 | D:3      | Became a worshipper of Qazlal Stormbringer
  3352 | D:3      | Reached skill level 4 in Maces & Flails
  3460 | D:3      | Found a bloodstained altar of Trog.
  3460 | D:3      | Found a snail-covered altar of Cheibriados.
  3550 | D:4      | Found a staircase to the Ecumenical Temple.
  3567 | Temple   | Entered the Ecumenical Temple
  3624 | D:4      | Gained mutation: You have a pair of small antennae on your
                  | head. [demonic ancestry]
  3624 | D:4      | Reached XP level 6. HP: 37/47 MP: 6/6
  5083 | D:5      | Entered Level 5 of the Dungeon
  5083 | D:5      | Found a shadowy altar of Dithmenos.
  5121 | D:5      | Reached XP level 7. HP: 9/52 MP: 7/7
  5399 | D:3      | Killed Terence
  5720 | D:5      | Noticed Dowan
  5913 | D:5      | Found a sparkling altar of Nemelex Xobeh.
  6014 | D:5      | Reached skill level 5 in Maces & Flails
  6031 | D:5      | Found an opulent altar of Gozag.
  6216 | D:5      | Reached * piety under Qazlal
  6221 | D:5      | Noticed a troll
  6487 | D:5      | Reached XP level 8. HP: 60/60 MP: 8/8
  6506 | D:5      | Noticed Duvessa
  6519 | D:5      | Killed Duvessa
  6520 | D:5      | Reached skill level 1 in Invocations
  6524 | D:5      | Killed Dowan
  6863 | D:5      | Killed a troll
  7197 | D:5      | Found a blossoming altar of Fedhas.
  7451 | D:6      | Noticed Pikel
  7473 | D:6      | Killed Pikel
  7474 | D:6      | Reached skill level 6 in Maces & Flails
  7474 | D:6      | Reached skill level 5 in Armour
  7474 | D:6      | Reached XP level 9. HP: 23/66 MP: 9/11
  7896 | D:6      | Found a shimmering blue altar of Sif Muna.
  8228 | D:6      | Reached skill level 5 in Dodging
  8286 | D:6      | Slain by a gnoll sergeant

Illustrated notes

Levels and vault maps discovered:
D:1:      mainiacjoe_arrival_reflecting_pool, layout_rooms,
          ebering_ecumenical_altar_mist
D:2:      layout_basic, basic_altar, uniq_natasha
D:3:      layout_basic, mainiacjoe_overflow_small_starburst,
          overflow_temple_1_default, gammafunk_temple_overflow_elements,
          kennysheep_cross_bottleneck, uniq_terence
D:4:      layout_basic, minmay_temple_entry_junction, minmay_misc_feat_room
D:5:      layout_basic, mainiacjoe_overflow_paths, marbit_many_paths,
          grunt_dithmenos_smoke, mainiacjoe_overflow_surrounded_room,
          uniq_duvessa
D:6:      layout_basic, mainiacjoe_overflow_tiny_flanked,
          nicolae_fountain_basement, uniq_pikel
Temple:   nicolae_temple_figure_zero

Skill      XL: |  1  2  3  4  5  6  7  8  9 |
---------------+----------------------------+-----
Throwing       | 2 3 4 |  4.4
Maces & Flails | 3 4 5 6 |  6.6
Armour         | 1 2 3 4 5 |  5.8
Dodging        | 3 4 5 |  5.0
Fighting       | 3 4 |  4.9
Invocations    | 3 |  3.6

Action                   |  1- 3 |  4- 6 |  7- 9 || total
-------------------------+-------+-------+-------++-------
Melee: Flail             |    91 |   183 |    45 ||   319
       Whip              |       |     9 |   250 ||   259
       Punch             |       |       |     5 ||     5
Evoke: Wand              |       |       |     1 ||     1
 Stab: Sleeping          |     1 |     1 |       ||     2
Armor: Leather armour    |    43 |    75 |       ||   118
       Scale mail        |       |       |    64 ||    64
       Plate armour      |       |       |    76 ||    76
Dodge: Dodged            |    84 |   124 |   119 ||   327
Block: Other             |       |       |     9 ||     9

Table legend: (Time is in decaauts)
 A = Elapsed time spent in this place.
 B = Non-inter-level travel time spent in this place.
 C = Inter-level travel time spent in this place.
 D = Time resting spent in this place.
 E = Time spent auto-exploring this place.
 F = Levels seen in this place.
 G = Mean time per level.
                   A        B        C        D        E       F      G
               +--------+--------+--------+--------+--------+-----+--------+
         Total |   8310 |   7851 |    459 |    116 |   6281 |   7 | 1187.1 |
       Dungeon |   8308 |   7849 |    459 |    116 |   6281 |   6 | 1384.7 |
        Temple |      1 |      1 |      0 |      0 |      0 |   1 |    1.0 |
               +--------+--------+--------+--------+--------+-----+--------+

Top non-repeatable levels by time:
     D:4: 1812 daAuts
     D:2: 1798 daAuts
     D:3: 1744 daAuts
     D:5: 1380 daAuts
     D:1: 833 daAuts
     D:6: 739 daAuts
  Temple: 1 daAuts
